Description

A Reaper FE done what I consider tightly as a Diamond 3, so maybe not super tight.

Goes into a 1-1-1, ready to transition into whatever you want. The whole build should fit on SALT

Replay - Reaper FE

Build Order

Get SALT Encoding   

  12  0:00  SCV  
  13  0:13  SCV  
  14  0:18  Supply Depot  
  14  0:25  SCV  
  15  0:40  Barracks, SCV  
  16  0:45  Refinery  
  16  0:52  SCV  rally scout
  17  1:04  SCV  
  18  1:16  SCV  
  19  1:28  Orbital Command  
  19  1:29  Reaper  
  20  1:43  Command Center  
  20  1:51  Refinery  
  21  2:00  SCV  
  21  2:01  Barracks Reactor  
  21  2:06  SCV  
  21  2:07  Supply Depot  
  22  2:19  SCV  
  22  2:20  Factory  
  23  2:31  SCV  
  24  2:37  Marine  
  24  2:38  Marine  
  24  2:43  SCV  
  27  2:54  Orbital Command  
  27  2:55  Marine x2, SCV  
  30  3:05  Starport  
  30  3:07  SCV  
  30  3:10  Factory Tech Lab  
  31  3:14  Supply Depot  
Spawning Tool Build Advisor. Get it on Overwolf

Analysis

Second gas is a bit early when you SCV scout, it should go down after the factory

Go to:

Details

  • Created by: dcblessi
  • Published on: Mar 04, 2019
  • Modified on: Mar 04, 2019
  • Patch: 4.7.1
Show
View Real Time Build Order
Export as new Build Order

Comments (0)

There are no comments. Be the first!

Create an account to comment!